 Dungeon Sprint DCSS version 0.19.5 (webtiles) character file.

6391 mopl the Convoker (level 10, -8/61 HPs)
             Began as a Deep Elf Summoner on July 17, 2019.
             Was a High Priest of Sif Muna.
             Mangled by a 12-headed hydra (17 damage)
             ... in the Dungeon (Sprint I: "Red Sonja").
             The game lasted 00:11:39 (2427 turns).

mopl the Convoker (Deep Elf Summoner)               Turns: 2427, Time: 00:11:40

Health: -8/61      AC:  2    Str:  5    XL:     10   Next: 66%
Magic:  24/33      EV: 16    Int: 24    God:    Sif Muna [*****.]
Gold:   1165       SH:  0    Dex: 15    Spells: 9 memorised, 4 levels left

rFire  . . .     SeeInvis .     j - +0 scythe
rCold  . . .     Gourm    .     a - +0 robe
rNeg   . . .     Faith    .     (shield currently unavailable)
rPois  .         Spirit   .     (no helmet)
rElec  .         Reflect  .     (no cloak)
rCorr  .         Harm     .     (no gloves)
MR     +....     NoTele   +     (no boots)
Stlth  ++........               (no amulet)
                                (no ring)
                                (no ring)

@: no status effects
A: no striking features
a: Divine Energy, Channel Magic, Forget Spell, Renounce Religion


You were in the Dungeon.
You worshipped Sif Muna.
Sif Muna was extremely pleased with you.
You were hungry.

You visited 1 branch You collected 1195 gold pieces.
You spent 30 gold pieces at shops.

Inventory:

Hand Weapons
 j - a +0 scythe (weapon)
Armour
 a - a +0 robe (worn)
 n - a +0 troll leather armour
Scrolls
 i - a scroll of blinking
 l - a scroll of immolation {unknown}
 m - 3 scrolls of identify
 p - a scroll of remove curse {unknown}
 q - a scroll of fear {unknown}
Potions
 d - 3 potions of curing
 e - a potion of heal wounds
 f - a potion of haste
 g - 2 potions of magic
 h - a potion of berserk rage {!q}
 s - a potion of ambrosia
Books
 b - a book of Callings

   Spells                             Type                      Level
   a - Summon Small Mammal            Summoning                    1
   b - Call Imp                       Summoning                    2
   c - Call Canine Familiar           Summoning                    3
   d - Summon Guardian Golem          Hexes/Summoning              3
   e - Summon Lightning Spire         Summoning/Air                4
   f - Summon Ice Beast               Ice/Summoning                4
 c - Sif Muna's Collected Works on Harmful Earth
   (Sif Muna gifted it to you in the Dungeon)

   Spells                             Type                      Level
   a - Magic Dart                     Conjuration                  1
   b - Sandblast                      Earth                        1
   c - Stone Arrow                    Conjuration/Earth            3
   d - Throw Icicle                   Conjuration/Ice              4
 o - Sif Muna's Reference Book on Companions
   (Sif Muna gifted it to you in the Dungeon)

   Spells                             Type                      Level
   a - Summon Forest                  Summoning/Translocation      5
   b - Haunt                          Necromancy/Summoning         7
   c - Summon Greater Demon           Summoning                    7
   d - Summon Hydra                   Summoning                    7
   e - Summon Horrible Things         Summoning                    8
 r - Muqubleh's Handbook of Supportive Curses
   (Sif Muna gifted it to you in the Dungeon)

   Spells                             Type                      Level
   a - Confusing Touch                Hexes                        1
   b - Summon Butterflies             Summoning                    1
   c - Summon Lightning Spire         Summoning/Air                4
   d - Aura of Abjuration             Summoning                    5
   e - Summon Demon                   Summoning                    5
   f - Summon Horrible Things         Summoning                    8
 t - Naodouv's Disquisition on Companions and Translocation
   (Sif Muna gifted it to you in the Dungeon)

   Spells                             Type                      Level
   a - Teleport Other                 Translocation                3
   b - Force Lance                    Conjuration/Translocation    4
   c - Aura of Abjuration             Summoning                    5
   d - Shadow Creatures               Summoning                    6
   e - Spellforged Servitor           Conjuration/Summoning        7
   f - Monstrous Menagerie            Summoning                    7
Comestibles
 k - a meat ration


   Skills:
 - Level 6.4 Fighting
 - Level 6.1 Dodging
 - Level 2.4 Stealth
 * Level 17.3 Spellcasting
 * Level 17.5 Summonings
 - Level 6.3 Ice Magic
 - Level 5.8 Air Magic
 - Level 7.0 Invocations


You had 4 spell levels left.
You knew the following spells:

 Your Spells              Type           Power        Failure   Level  Hunger
a - Summon Small Mammal   Summ           ####         0%          1    None
b - Call Imp              Summ           #######.     0%          2    None
c - Call Canine Familiar  Summ           #######.     0%          3    None
d - Summon Ice Beast      Ice/Summ       ######..     1%          4    None
e - Summon Horrible Thin  Summ           #######...   14%         8    #######
f - Summon Lightning Spi  Summ/Air       ######..     1%          4    None
g - Summon Guardian Gole  Hex/Summ       ######..     1%          3    None
h - Summon Hydra          Summ           #######...   1%          7    #####..
i - Monstrous Menagerie   Summ           #######...   1%          7    #####..


Dungeon Overview and Level Annotations

Branches:
Dungeon (1/1)

Altars:
Cheibriados
Dithmenos
Elyvilon
Fedhas
Gozag
Hepliaklqana
Kikubaaqudgha
Makhleb
Nemelex Xobeh
Okawaru
Qazlal
Ru
Sif Muna
Trog
Uskayaw
Vehumet
Xom
Yredelemnul
Zin
The Shining One
Jiyva
Lugonu

Shops:
D ?:(=%[[


Message History

You see here a hog skeleton.
You see here a hog skeleton.
There is an open door, spattered with blood here.
You open the door.
A hydra and a floating eye come into view.
The 12-headed hydra roars!
The floating eye turns its gaze towards you.
The floating eye's view fixates on you.
Found 54 gold pieces.
Unknown command.
Casting: Summon Hydra
Confirm with . or Enter, or press ? or * to list all spells.
A five-headed hydra appears.
The 12-headed hydra bites you but does no damage.
The 12-headed hydra misses you. The 12-headed hydra bites you!
The 12-headed hydra bites you. The 12-headed hydra closely misses you.
The 12-headed hydra bites you! x3
* * * LOW HITPOINT WARNING * * *
The 12-headed hydra barely misses you. The 12-headed hydra bites you!
You die...

#####################
..#..#§§§÷§§§§D§@DG$#
..##'#§####.§§§§##$.+
..'.§#§# ##§.§## ##
###).§§# ###+#
.##+#### .#.....#
§#...§.+ §###.§.#
.§.#§.§#


You could see a 12-headed hydra, a floating eye and a friendly five-headed
hydra.

Vanquished Creatures (collateral kills)
  2 centaur warriors (D)
  Sonja (D)
  2 unseen horrors (D)
  A deep troll (D)
  A lindwurm (D)
  8 shining eyes (D)
  An oklob plant (D)
  A gargoyle (D)
  4 demonic crawlers (D)
  2 kobold demonologists (D)
  A hornet (D)
  A slime creature (D)
  Sigmund (D)
  2 redbacks (D)
  13 hogs (D)
  A yak (D)
  5 floating eyes (D)
  An ogre (D)
  A jelly (D)
  Ijyb (D)
  A ballistomycete (D)
51 creatures vanquished.

Vanquished Creatures (others)
  A gargoyle (D)
  2 ballistomycete spores (D)
3 creatures vanquished.

Grand Total: 54 creatures vanquished

Notes
Turn   | Place    | Note
-------+----------+-------------------------------------------
     0 | D        | mopl the Deep Elf Summoner began the quest for the Orb.
     0 | D        | Reached XP level 1. HP: 10/10 MP: 6/6
     1 | D        | Noticed Ijyb
    14 | D        | Killed Ijyb
    14 | D        | Reached skill level 4 in Spellcasting
    14 | D        | Reached skill level 6 in Summonings
    14 | D        | Reached XP level 2. HP: 14/15 MP: 1/9
    36 | D        | Learned a level 2 spell: Call Imp
    86 | D        | Noticed an ogre
    94 | D        | Killed an ogre
    94 | D        | Reached skill level 5 in Spellcasting
    94 | D        | Reached skill level 8 in Summonings
    94 | D        | Reached XP level 3. HP: 19/19 MP: 3/11
   159 | D        | Learned a level 3 spell: Call Canine Familiar
   163 | D        | Learned a level 3 spell: Summon Guardian Golem
   164 | D        | Noticed Sigmund
   179 | D        | Killed Sigmund
   179 | D        | Reached skill level 7 in Spellcasting
   179 | D        | Reached skill level 10 in Summonings
   179 | D        | Reached XP level 4. HP: 24/24 MP: 8/15
   238 | D        | Found a deep blue altar of Sif Muna.
   240 | D        | Found a radiant altar of Vehumet.
   245 | D        | Reached XP level 5. HP: 27/28 MP: 16/16
   253 | D        | Became a worshipper of Sif Muna the Loreminder
   259 | D        | Learned a level 4 spell: Summon Ice Beast
   264 | D        | Learned a level 4 spell: Summon Lightning Spire
   288 | D        | Found Mozaes Lexef's Jewellery Emporium.
   288 | D        | Found an ancient bone altar of Kikubaaqudgha.
   288 | D        | Found a hazy altar of Hepliaklqana.
   288 | D        | Found a stormy altar of Qazlal.
   288 | D        | Found a hide-covered altar of Uskayaw.
   288 | D        | Found a blossoming altar of Fedhas.
   288 | D        | Found a bloodstained altar of Trog.
   288 | D        | Found an iron altar of Okawaru.
   288 | D        | Found a basalt altar of Yredelemnul.
   288 | D        | Found a glowing golden altar of the Shining One.
   288 | D        | Found a snail-covered altar of Cheibriados.
   288 | D        | Found a sacrificial altar of Ru.
   288 | D        | Found a glowing silver altar of Zin.
   288 | D        | Found a shadowy altar of Dithmenos.
   288 | D        | Found a white marble altar of Elyvilon.
   288 | D        | Noticed a yak
   291 | D        | Killed a yak
   291 | D        | Reached * piety under Sif Muna
   291 | D        | Reached skill level 1 in Fighting
   291 | D        | Reached skill level 8 in Spellcasting
   291 | D        | Reached skill level 11 in Summonings
   291 | D        | Reached skill level 2 in Ice Magic
   291 | D        | Reached skill level 2 in Air Magic
   293 | D        | Found an opulent altar of Gozag.
   294 | D        | Found a sparkling altar of Nemelex Xobeh.
   472 | D        | Noticed Sonja
   486 | D        | Killed Sonja
   486 | D        | Reached ** piety under Sif Muna
   486 | D        | Reached skill level 3 in Fighting
   486 | D        | Reached skill level 10 in Spellcasting
   486 | D        | Reached skill level 12 in Summonings
   486 | D        | Reached skill level 4 in Ice Magic
   486 | D        | Reached skill level 3 in Air Magic
   486 | D        | Reached skill level 3 in Invocations
   486 | D        | Reached XP level 6. HP: 23/37 MP: 7/21
   486 | D        | Reached XP level 7. HP: 26/41 MP: 7/22
   663 | D        | Found a burning altar of Makhleb.
   663 | D        | Found a viscous altar of Jiyva.
   663 | D        | Found a shimmering altar of Xom.
   663 | D        | Found a corrupted altar of Lugonu.
   663 | D        | Noticed a slime creature
   666 | D        | Killed a slime creature
   666 | D        | Reached skill level 4 in Air Magic
   725 | D        | Noticed a deep troll
   751 | D        | Killed a deep troll
   751 | D        | Reached *** piety under Sif Muna
   751 | D        | Reached skill level 3 in Dodging
   751 | D        | Reached skill level 11 in Spellcasting
   751 | D        | Reached skill level 5 in Ice Magic
   751 | D        | Reached skill level 4 in Invocations
   782 | D        | Found Tounoodo's Armour Emporium.
   802 | D        | Found Plog's Magic Scroll Boutique.
   810 | D        | Bought a scroll of random uselessness for 10 gold pieces
   810 | D        | Bought a scroll of identify for 20 gold pieces
   819 | D        | Noticed a shining eye
   819 | D        | Noticed a shining eye
   819 | D        | Noticed a shining eye
   823 | D        | Paralysed by a floating eye for 3 turns
   823 | D        | Reached **** piety under Sif Muna
   828 | D        | Reached skill level 4 in Fighting
   828 | D        | Reached skill level 4 in Dodging
   828 | D        | Reached XP level 8. HP: 48/48 MP: 13/25
   829 | D        | Killed a shining eye
   829 | D        | Reached skill level 12 in Spellcasting
   829 | D        | Reached skill level 13 in Summonings
   829 | D        | Reached skill level 5 in Air Magic
   829 | D        | Reached skill level 5 in Invocations
   833 | D        | Noticed a shining eye
   834 | D        | Killed a shining eye
   837 | D        | Killed a shining eye
   837 | D        | Reached ***** piety under Sif Muna
   837 | D        | Reached skill level 5 in Dodging
   837 | D        | Reached skill level 6 in Ice Magic
   846 | D        | Noticed a shining eye
   847 | D        | Killed a shining eye
   847 | D        | Identified Muqubleh's Handbook of Supportive Curses (Sif Muna gifted it to you in the Dungeon)
   847 | D        | Received a gift from Sif Muna
   858 | D        | Learned a level 8 spell: Summon Horrible Things
   913 | D        | Noticed a shining eye
   919 | D        | Killed a shining eye
   919 | D        | Reached skill level 5 in Fighting
   919 | D        | Reached skill level 13 in Spellcasting
   919 | D        | Reached skill level 6 in Invocations
   919 | D        | Reached XP level 9. HP: 54/54 MP: 20/28
   929 | D        | Killed a shining eye
   929 | D        | Reached skill level 6 in Dodging
   931 | D        | Reached skill level 14 in Summonings
   932 | D        | Noticed a shining eye
   932 | D        | Noticed a shining eye
   945 | D        | Killed a shining eye
   950 | D        | Killed a shining eye
   950 | D        | Reached skill level 14 in Spellcasting
   950 | D        | Reached skill level 7 in Invocations
   958 | D        | Found Xies's Book Shoppe.
   958 | D        | Found Huosoaps's Armour Boutique.
   958 | D        | Found Baberixee's Weapon Emporium.
   959 | D        | Found Dunkiar's Food Shop.
   975 | D        | Killed a gargoyle
   998 | D        | Noticed a centaur warrior
   999 | D        | Noticed a centaur warrior
  1029 | D        | Killed a centaur warrior
  1029 | D        | Reached skill level 6 in Fighting
  1038 | D        | Killed a centaur warrior
  1038 | D        | Identified Sif Muna's Reference Book on Companions (Sif Muna gifted it to you in the Dungeon)
  1038 | D        | Received a gift from Sif Muna
  1038 | D        | Reached skill level 15 in Summonings
  1306 | D        | Learned a level 7 spell: Summon Hydra
  1334 | D        | Noticed a kobold demonologist
  1336 | D        | Noticed a kobold demonologist
  1340 | D        | Paralysed by a floating eye for 3 turns
  1343 | D        | Noticed a rust devil
  1344 | D        | Paralysed by a floating eye for 2 turns
  1345 | D        | Killed a kobold demonologist
  1350 | D        | Noticed a sun demon
  1354 | D        | Killed a kobold demonologist
  1467 | D        | Noticed a demonic crawler
  1467 | D        | Noticed a demonic crawler
  1467 | D        | Noticed a demonic crawler
  1467 | D        | Noticed a demonic crawler
  1469 | D        | Killed a demonic crawler
  1470 | D        | Killed a demonic crawler
  1470 | D        | Reached XP level 10. HP: 61/61 MP: 13/30
  1471 | D        | Reached skill level 15 in Spellcasting
  1480 | D        | Reached skill level 16 in Summonings
  1681 | D        | Noticed a gargoyle
  1687 | D        | Killed a gargoyle
  1687 | D        | Identified Naodouv's Disquisition on Companions and Translocation (Sif Muna gifted it to you in the Dungeon)
  1687 | D        | Received a gift from Sif Muna
  1740 | D        | Noticed an oklob plant
  1743 | D        | Killed an oklob plant
  1801 | D        | Killed an unseen horror
  1801 | D        | Reached skill level 16 in Spellcasting
  1806 | D        | Killed an unseen horror
  2046 | D        | Noticed a lindwurm
  2050 | D        | Killed a lindwurm
  2120 | D        | Reached skill level 17 in Summonings
  2122 | D        | Identified Sif Muna's Collected Works on Harmful Earth (Sif Muna gifted it to you in the Dungeon)
  2122 | D        | Received a gift from Sif Muna
  2136 | D        | Learned a level 7 spell: Monstrous Menagerie
  2139 | D        | Reached skill level 17 in Spellcasting
  2426 | D        | Noticed a 12-headed hydra
  2427 | D        | Mangled by a 12-headed hydra

Skill      XL: |  1  2  3  4  5  6  7  8  9 10 |
---------------+-------------------------------+-----
Spellcasting   | 4 5 7 10 11 13 14 17 | 17.3
Summonings     | 6 8 10 12 13 15 17 | 17.5
Fighting       | 3 4 5 6 |  6.4
Ice Magic      | 4 5 6 |  6.3
Air Magic      | 3 4 5 |  5.8
Invocations    | 3 4 6 7 |  7.0
Dodging        | 4 5 6 |  6.1
Stealth        | |  2.4

Action                   |  1- 3 |  4- 6 |  7- 9 | 10-12 || total
-------------------------+-------+-------+-------+-------++-------
Melee: Scythe            |       |     4 |    12 |     4 ||    20
 Cast: Summon Small Mamm |     6 |       |       |       ||     6
       Call Imp          |     4 |       |     3 |       ||     7
       Call Canine Famil |     1 |     1 |     2 |     3 ||     7
       Summon Ice Beast  |       |     4 |    13 |     3 ||    20
       Summon Lightning  |       |     1 |     8 |     1 ||    10
       Summon Hydra      |       |       |     6 |    14 ||    20
       Summon Guardian G |       |       |     1 |       ||     1
  Use: Scroll            |       |       |     1 |     1 ||     2
 Stab: Sleeping          |       |     1 |       |       ||     1
  Eat: Chunk             |       |       |     1 |     1 ||     2
       Bread ration      |       |       |     1 |     1 ||     2
Armor: Robe              |     1 |     1 |       |     2 ||     4
Dodge: Dodged            |       |     6 |     2 |     8 ||    16
